 Dungeon Crawl Stone Soup version 0.19-a0-1007-g133f65f (webtiles) character file.

9381 Implojin the Brawler (level 11, -6/107 HPs)
             Began as a Troll Fighter on July 19, 2016.
             Was a High Priest of Okawaru.
             Mangled by a harpy (16 damage)
             ... on level 2 of the Shoals.
             The game lasted 00:15:13 (2257 turns).

Implojin the Brawler (Troll Fighter)                Turns: 2257, Time: 00:15:14

Health: -6/107     AC:  6    Str: 26    XL:     11   Next: 22%
Magic:  4/12       EV: 13    Int:  4    God:    Okawaru [*****.]
Gold:   114        SH: 11    Dex: 12    Spells: 0 memorised, 10 levels left

rFire  + . .     SeeInvis .       - Unarmed
rCold  . . .     Gourm    +     B - +2 robe {rF+}
rNeg   . . .     Faith    .     b - +0 shield
rPois  .         Spirit   .     (helmet restricted)
rElec  .         Dismiss  .     C - +0 cloak
rCorr  .         Reflect  .     (gloves unavailable)
SustAt .         Harm     .     (boots unavailable)
MR     .....     Rnd*Tele +     (no amulet)
Stlth  ++........               z - ring of teleportation (curse)
                                A - -2 ring of protection (curse)

@: heroism, finesse, not resistant to hostile enchantments, unstealthy
A: unfitting armour, claws 3, fast metabolism 3, gourmand, regeneration 2,
shaggy fur 1, tough skin 2
a: Heroism, Finesse, Renounce Religion


You were on level 2 of the Shoals.
You worshipped Okawaru.
Okawaru was extremely pleased with you.
You were very full.

You visited 4 branches of the dungeon, and saw 16 of its levels.

You collected 114 gold pieces.

Inventory:

Hand Weapons
 j - a +0 flail
 s - a +0 war axe of freezing
 t - a +3 hand axe of distortion
 u - a +0 flail
 w - a +1 rapier of venom
Missiles
 e - 4 large rocks
 v - 7 tomahawks (quivered)
Armour
 a - a +0 robe
 b - a +0 shield (worn)
 B - a +2 robe of fire resistance (worn)
 C - a +0 cloak (worn)
Jewellery
 l - an uncursed ring of protection from fire
 z - a cursed ring of teleportation (right claw)
 A - a cursed -2 ring of protection (left claw)
 D - an uncursed amulet of rage {unknown}
Wands
 c - a wand of lightning (8/15)
 y - a wand of iceblast (10/15)
Scrolls
 o - 3 scrolls of teleportation
 p - a scroll of immolation
 q - a scroll of amnesia {unknown}
 r - a scroll of enchant weapon {unknown}
Potions
 f - a potion of curing
 g - a potion of brilliance
 h - a potion of cure mutation {unknown}
 i - a potion of mutation
 x - a potion of agility {unknown}
Comestibles
 d - 3 bread rations
 k - 6 chunks of flesh
 m - 2 slices of pizza
 n - a beef jerky


   Skills:
 - Level 6.5(11.5) Fighting
 - Level 2.4(7.4) Dodging
 - Level 2.4(7.4) Shields
 - Level 15.0(20.0) Unarmed Combat
 * Level 3.1 Invocations


You had 10 spell levels left.
You didn't know any spells.

Dungeon Overview and Level Annotations

Branches:
Dungeon (10/15)            Temple (1/1) D:5            Lair (3/6) D:9
 Shoals (2/4) Lair:3
  Snake: Lair:2-4    Spider: Lair:2-4       Orc: D:9-12

Altars:
Ashenzari
Cheibriados
Dithmenos
Elyvilon
Fedhas
Gozag
Hepliaklqana
Kikubaaqudgha
Makhleb
Okawaru
Pakellas
Qazlal
Ru
Trog
Uskayaw
Vehumet
The Shining One

Shops:
D:9 =


Innate Abilities, Weirdness & Mutations

You are too large for most types of armour.
You have claws for hands.
Your metabolism is lightning-fast.
You like to eat raw meat.
You heal very quickly.
You are covered in fur. (AC +1)
You have very tough skin. (AC +2)


Message History

The sea snake is moderately wounded.
The harpy screeches! x2
The harpy closely misses you. The harpy claws you!
* * * LOW HITPOINT WARNING * * *
Unknown command.
You mangle the sea snake!!
The sea snake is severely wounded.
The harpy claws you!
* * * LOW HITPOINT WARNING * * *
You block the harpy's attack.
Unknown command.
You mangle the sea snake!!
The sea snake is almost dead.
You block the sea snake's attack. You block the harpy's attack.
The harpy closely misses you. The harpy claws you.
* * * LOW HITPOINT WARNING * * *
You block the harpy's attack.
The merfolk hits you from afar with a trident.
* * * LOW HITPOINT WARNING * * *
Unknown command.
You eviscerate the sea snake!!!
You kill the sea snake!
Okawaru is honoured by your kill.
Your Invocations skill increases to level 3!
You closely miss the harpy. You block the harpy's attack. The harpy claws you!
* * * LOW HITPOINT WARNING * * *
The harpy claws you!
* * * LOW HITPOINT WARNING * * *
You block the harpy's attack.
Unknown command.
Okay, then.
You mangle the harpy!!
The harpy is severely wounded.
You block the harpy's attack. The harpy claws you but does no damage.
The harpy barely misses you. The harpy closely misses you.
You claw the harpy!
The harpy is almost dead.
The harpy closely misses you. You block the harpy's attack.
The harpy claws you!
You die...

≈≈≈ #..≈≈≈≈ ≈≈.
...≈≈≈≈≈≈ ≈≈≈.
#..≈≈≈≈≈≈ ≈≈≈..
#.≈≈≈≈≈≈≈ ≈≈≈≈.#
#.≈≈≈≈≈≈≈
≈≈≈≈.m##.≈≈≈≈≈..
≈≈≈≈..H†.≈≈≈≈...
≈≈≈≈.HH@.≈.≈≈≈≈≈
≈≈≈.###H...≈≈≈≈.
≈ ##...≈.≈..
#>....###
###...# .(...
#..... .≈...
.≈≈≈≈


You could see a merfolk and 4 harpies.

Vanquished Creatures
  Erolcha (D:9)
  3 sea snakes
  Pikel (D:7)
  A griffon (Shoals:1)
  A siren (Shoals:1)
  A water nymph (Shoals:2)
  A spiny frog (Lair:1)
  2 snapping turtles (Shoals:1)
  5 yaks (D:9)
  A hippogriff (D:7)
  A basilisk (D:9)
  A hungry ghost (D:4)
  2 water moccasins
  8 porcupines (D:9)
  A black bear (D:7)
  2 orc warriors
  6 ogres
  A centaur (D:7)
  4 crocodiles
  6 giant frogs
  A big kobold (D:8)
  2 scorpions
  A wyvern skeleton (D:8)
  6 killer bees (D:7)
  An electric eel (Lair:1)
  4 howler monkeys
  A giant frog zombie (D:5)
  3 hounds
  8 orc wizards
  An orc priest (D:6)
  A jelly (D:5)
  2 giant frog skeletons
  2 worker ants
  3 iguanas
  A hound skeleton (D:4)
  6 adders
  3 river rats
  A shadow imp (D:6)
  An adder skeleton (D:9)
  3 giant geckos
  24 orcs
  2 giant cockroaches
  2 goblins
  4 hobgoblins
  3 quokkas
  2 giant newts
  A jackal skeleton (D:7)
  4 kobolds
  A quokka skeleton (D:4)
  A quokka zombie (D:5)
  2 rats
146 creatures vanquished.

Vanquished Creatures (others)
  An orc (D:7)
  A bush (D:9)
  A fungus (D:9)
  A plant (D:9)
4 creatures vanquished.

Grand Total: 150 creatures vanquished

Notes
Turn   | Place    | Note
-------+----------+-------------------------------------------
     0 | D:1      | Implojin the Troll Fighter began the quest for the Orb.
     0 | D:1      | Reached XP level 1. HP: 22/22 MP: 0/0
    73 | D:2      | Reached XP level 2. HP: 28/29 MP: 1/1
    79 | D:2      | Reached skill level 3 in Unarmed Combat
   246 | D:3      | Reached XP level 3. HP: 16/36 MP: 2/2
   279 | D:3      | Reached skill level 4 in Unarmed Combat
   335 | D:4      | Reached XP level 4. HP: 17/44 MP: 3/3
   347 | D:4      | Reached skill level 5 in Unarmed Combat
   353 | D:4      | Found a radiant altar of Vehumet.
   374 | D:4      | Reached XP level 5. HP: 12/50 MP: 4/4
   438 | D:4      | Noticed an ogre
   461 | D:4      | Killed an ogre
   461 | D:4      | Reached skill level 6 in Unarmed Combat
   461 | D:4      | Reached XP level 6. HP: 24/59 MP: 5/5
   513 | D:5      | Entered Level 5 of the Dungeon
   560 | D:5      | Reached skill level 7 in Unarmed Combat
   635 | D:6      | Noticed an orc warrior
   657 | D:4      | Noticed a hungry ghost
   680 | D:4      | Killed a hungry ghost
   680 | D:4      | Reached skill level 8 in Unarmed Combat
   680 | D:4      | Reached XP level 7. HP: 64/66 MP: 6/6
   720 | D:5      | Found a staircase to the Ecumenical Temple.
   729 | Temple   | Entered the Ecumenical Temple
   808 | Temple   | Became a worshipper of Warmaster Okawaru
   895 | D:6      | Found a stormy altar of Qazlal.
   906 | D:6      | Reached skill level 9 in Unarmed Combat
   976 | D:7      | Reached * piety under Okawaru
   976 | D:7      | Reached XP level 8. HP: 68/74 MP: 7/7
  1001 | D:7      | Reached skill level 10 in Unarmed Combat
  1009 | D:7      | Noticed Pikel
  1042 | D:7      | Killed Pikel
  1042 | D:7      | Reached skill level 11 in Unarmed Combat
  1173 | D:7      | Reached ** piety under Okawaru
  1173 | D:7      | Reached skill level 1 in Invocations
  1181 | D:7      | Reached skill level 2 in Invocations
  1181 | D:7      | Reached XP level 9. HP: 27/80 MP: 4/9
  1292 | D:8      | Reached skill level 12 in Unarmed Combat
  1396 | D:10     | Entered Level 10 of the Dungeon
  1638 | D:9      | Found Mant's Jewellery Emporium.
  1641 | D:9      | Reached skill level 13 in Unarmed Combat
  1718 | D:9      | Reached *** piety under Okawaru
  1727 | D:9      | Found a staircase to the Lair.
  1727 | D:9      | Noticed Erolcha
  1737 | D:9      | Killed Erolcha
  1737 | D:9      | Reached **** piety under Okawaru
  1737 | D:9      | Reached skill level 14 in Unarmed Combat
  1737 | D:9      | Reached XP level 10. HP: 30/88 MP: 6/10
  1826 | D:9      | Reached skill level 15 in Unarmed Combat
  1885 | Lair:1   | Entered Level 1 of the Lair of Beasts
  1913 | Lair:1   | Noticed a spiny frog
  1919 | Lair:1   | Killed a spiny frog
  1919 | Lair:1   | Reached skill level 3 in Fighting
  1938 | Lair:2   | Noticed a spiny frog
  2016 | Lair:3   | Found a staircase to the Shoals.
  2025 | Shoals:1 | Entered Level 1 of the Shoals
  2025 | Shoals:1 | Noticed a sea snake
  2035 | Shoals:1 | Killed a sea snake
  2035 | Shoals:1 | Reached skill level 4 in Fighting
  2036 | Shoals:1 | Noticed a siren
  2042 | Shoals:1 | Killed a siren
  2042 | Shoals:1 | Reached skill level 5 in Fighting
  2048 | Shoals:1 | :welp
  2050 | Shoals:1 | Noticed a sea snake
  2052 | Shoals:1 | Noticed a griffon
  2059 | Shoals:1 | Killed a sea snake
  2059 | Shoals:1 | Reached ***** piety under Okawaru
  2059 | Shoals:1 | Received a gift from Okawaru
  2059 | Shoals:1 | Reached XP level 11. HP: 53/105 MP: 8/11
  2067 | Shoals:1 | Killed a griffon
  2067 | Shoals:1 | Reached skill level 6 in Fighting
  2081 | Shoals:1 | Noticed a harpy
  2114 | Shoals:1 | Noticed a harpy
  2246 | Shoals:2 | Noticed a sea snake
  2246 | Shoals:2 | Noticed a harpy
  2248 | Shoals:2 | Noticed a harpy
  2248 | Shoals:2 | Noticed a harpy
  2251 | Shoals:2 | Noticed a harpy
  2254 | Shoals:2 | Killed a sea snake
  2254 | Shoals:2 | Reached skill level 3 in Invocations
  2257 | Shoals:2 | Mangled by a harpy

Vault maps used:
D:1:      eino_arrival_cavern_d
D:3:      ecumenical_altar_1, first_bread, uniq_jessica
D:4:      fiery_altar_vehumet
D:5:      portal_sewer_entry_e
D:6:      nicolae_overflow_crystal_walls
D:7:      zin_academy, uniq_pikel, uniq_duvessa
D:8:      uniq_grum
D:9:      gammafunk_temple_overflow_claw, minmay_lair_entry_grove, serial_shops,
          shop_statue, uniq_erolcha
Temple:   eino_temple_scatter_basement
Lair:1:   st_stairs_4, grunt_megastairs_4, infiniplex_staircase_pool
Lair:3:   elwin_shoals_entry_rocks, guppyfry_snake_entry_garden
Shoals:2: nicolae_shoals_hunting_party

Skill      XL: |  1  2  3  4  5  6  7  8  9 10 11 |
---------------+----------------------------------+-----
Unarmed Combat | 3 4 5 6 8 9 11 14 15 | 15.0
Invocations    | 2 3 |  3.1
Fighting       | 5 6 |  6.5
Dodging        | |  2.4
Shields        | |  2.4

Action                   |  1- 3 |  4- 6 |  7- 9 | 10-12 || total
-------------------------+-------+-------+-------+-------++-------
Melee: Unarmed           |    75 |    81 |   189 |   116 ||   461
Throw: Tomahawk          |       |       |       |     1 ||     1
Invok: Heroism           |       |       |    18 |    16 ||    34
       Finesse           |       |       |       |     1 ||     1
  Use: Potion            |     1 |     1 |     2 |     1 ||     5
       Scroll            |       |     3 |     3 |     1 ||     7
 Stab: Invisible         |       |       |     4 |       ||     4
  Eat: Chunk             |     6 |     3 |    11 |     9 ||    29
       Bread ration      |       |       |     1 |       ||     1
Armor: Robe              |    22 |    18 |    31 |    11 ||    82
Dodge: Dodged            |    23 |    17 |    57 |    34 ||   131
Block: Shield            |    29 |    25 |    87 |    38 ||   179

Table legend:
 A = Turns spent in this place as a percentage of turns spent in the entire game.
 B = Non-inter-level travel turns spent in this place as a percentage of non-inter-level travel turns spent in the entire game.
 C = Inter-level travel turns spent in this place as a percentage of turns spent in this place.
 D = Turns resting spent in this place as a percentage of non-inter-level travel turns spent in this place.
 E = Turns spent auto-exploring this place as a percentage of non-inter-level travel turns spent in this place.
 F = Non-inter-level travel turns spent in this place divided by the number of levels of this place that you've seen.
                   A       B       C       D       E      F
               +-------+-------+-------+-------+-------+----------------------
         Total | 100.0 | 100.0 |   0.0 |   0.0 |   0.0 | 147.4
       Dungeon |  79.0 |  79.0 |   0.0 |   0.0 |   0.0 | 186.3
        Temple |   4.2 |   4.2 |   0.0 |   0.0 |   0.0 | 100.0
          Lair |   6.1 |   6.1 |   0.0 |   0.0 |   0.0 |  47.7
        Shoals |  10.7 |  10.7 |   0.0 |   0.0 |   0.0 | 126.5
               +-------+-------+-------+-------+-------+----------------------

Table legend:
 A = Kills in this place as a percentage of kills in entire the game.
 B = Kills by you in this place as a percentage of kills by you in the entire game.
 C = Kills by friends in this place as a percentage of kills by friends in the entire game.
 D = Other kills in this place as a percentage of other kills in the entire game.
 E = Experience gained in this place as a percentage of experience gained in the entire game.
 F = Experience gained in this place divided by the number of levels of this place that you have seen.
                   A       B       C       D       E      F
               +-------+-------+-------+-------+-------+----------------------
         Total | 100.0 | 100.0 |  -nan |  -nan | 100.0 | 837.6
       Dungeon |  89.7 |  89.7 |  -nan |  -nan |  63.9 | 856.3
          Lair |   4.8 |   4.8 |  -nan |  -nan |   5.4 | 243.0
        Shoals |   5.5 |   5.5 |  -nan |  -nan |  30.7 | 2055.0
               +-------+-------+-------+-------+-------+----------------------
